 Dungeon Crawl Stone Soup version 0.22-a0-305-gd21a89c (webtiles) character file.

1600 xccam the Cleaver (level 9, -3/64 HPs)
             Began as a Formicid Fighter on Mar 31, 2018.
             Slain by an orc warrior
             ... wielding a +2 mace of crushing
              (6 damage)
             ... on level 7 of the Dungeon.
             The game lasted 00:11:57 (4544 turns).

xccam the Cleaver (Formicid Fighter)                Turns: 4544, Time: 00:11:58

Health: -3/64      AC: 10    Str: 24    XL:     9   Next: 15%
Magic:  9/9        EV: 14    Int:  8    God:
Gold:   238        SH: 11    Dex: 10    Spells: 8/8 levels left

rFire    + . .     SeeInvis +   a - +1 war axe
rCold    + . .     Gourm    .   c - +0 shield
rNeg     . . .     Faith    .   w - +1 ring mail
rPois    .         Spirit   .   (helmet unavailable)
rElec    .         Reflect  .   v - scarf {rC+ rF+}
rCorr    .         Harm     .   (no gloves)
MR       .....                  (no boots)
Stlth    ..........             (no amulet)
HPRegen  0.20/turn              j - +5 ring of evasion
MPRegen  0.11/turn              i - +4 ring of protection

@: no status effects
A: permanent stasis, dig shafts and tunnels, four strong arms, antennae 3
a: Dig, Shaft Self


You were on level 7 of the Dungeon.
You were not hungry.

You visited 1 branch of the dungeon, and saw 6 of its levels.
You also visited: Sewer.

You collected 422 gold pieces.
You spent 184 gold pieces at shops.

Inventory:

Hand Weapons
 a - a +1 war axe (weapon)
Armour
 c - a +0 shield (worn)
 v - a scarf of resistance (worn)
 w - a +1 ring mail (worn)
Jewellery
 d - an uncursed ring of magical power
 i - a +4 ring of protection (right hand)
 j - a +5 ring of evasion (left hand)
Wands
 b - a wand of iceblast (8)
 g - a wand of paralysis (10)
 n - a wand of digging (13)
 o - a wand of acid (9)
 p - a wand of scattershot (4)
Scrolls
 e - a scroll of teleportation
 h - a scroll of enchant weapon
 k - 3 scrolls of remove curse
 m - 6 scrolls of identify {unknown}
Potions
 l - a potion of mutation {unknown}
 q - 2 potions of curing
Comestibles
 f - 14 rations


   Skills:
 - Level 3.2 Fighting
 - Level 10.0 Axes
 - Level 3.2 Armour
 + Level 6.7 Shields


You had 8 spell levels left.
You didn't know any spells.

Dungeon Overview and Level Annotations

Branches:
Dungeon (7/15)
 Temple: D:4-7

Altars:
Ashenzari
Elyvilon
Fedhas
Hepliaklqana
Kikubaaqudgha
Makhleb
Qazlal
Sif Muna
Vehumet
Yredelemnul

Shops:
D:6 [


Innate Abilities, Weirdness & Mutations

You cannot be hasted, slowed, berserked, paralysed or teleported.
You can dig through walls and to a lower floor.
Your four strong arms can wield two-handed weapons with a shield.
You have a pair of large antennae on your head. (SInv)


Message History

You are too injured to fight recklessly!
You are too injured to fight recklessly!
You are too injured to fight recklessly!
You are too injured to fight recklessly!
You closely miss the orc warrior.
The orc warrior is heavily wounded.
The orc warrior hits you but does no damage.
You closely miss the orc warrior.
The orc warrior is heavily wounded.
You closely miss the orc warrior.
The orc warrior is heavily wounded.
You block the orc warrior's attack.
You hit the orc warrior but do no damage.
The orc warrior is heavily wounded.
The orc warrior hits you with a mace of crushing!
You hit the orc warrior but do no damage.
The orc warrior is heavily wounded.
The orc warrior hits you with a mace of crushing!!
* * * LOW HITPOINT WARNING * * *
You die...

#.# #.#####)#.# ###
#.# ###.#####.#.#
##.##
#.#####...........#
##.#.#####
##.........#####.###
#.###....)
...#.####### #o#
##.#<##### ##.#.#
#o# ##.## #...# #o#
##.## #.### #o#
#...# #.# #@#
###...##### #.#
##.######.......##.
#<#
#...............##.
##.#
##.######.......##.
...#
########..........
####
#.....##.#...####. #
#.###.##.##### #. #
#.# #....# #. #
#.###.#### ##


You could see an orc warrior, an orc wizard (invisible) and 2 orcs.

Vanquished Creatures
  Sigmund (D:6)
  A water moccasin (D:7)
  Purgy (Sewer)
  A phantom (D:6)
  A sky beast (D:7)
  An ogre (D:6)
  2 centaurs
  A scorpion (D:6)
  5 killer bees (D:6)
  3 crimson imps
  2 orc priests (D:6)
  2 hounds
  2 jellies (D:6)
  2 orc wizards (D:6)
  3 worker ants (D:6)
  3 adders
  3 gnolls (D:3)
  An ooze (D:1)
  An adder skeleton (D:4)
  3 worms
  2 dart slugs
  4 leopard geckos
  2 orcs
  4 giant cockroaches
  6 goblins
  2 hobgoblins
  4 jackals (D:1)
  2 quokkas (D:2)
  9 bats
  6 frilled lizards
  11 kobolds
  A quokka zombie (D:6)
  3 rats
95 creatures vanquished.

Notes
Turn   | Place    | Note
-------+----------+-------------------------------------------
     0 | D:1      | xccam the Formicid Fighter began the quest for the Orb.
     0 | D:1      | Reached XP level 1. HP: 18/18 MP: 1/1
    32 | D:1      | Reached XP level 2. HP: 22/24 MP: 2/2
   125 | D:1      | Reached skill level 3 in Axes
   307 | D:1      | Reached XP level 3. HP: 26/29 MP: 3/3
   425 | D:2      | Found a shattered altar of Ashenzari.
   429 | D:2      | Found a stormy altar of Qazlal.
   447 | D:2      | Found a radiant altar of Vehumet.
   534 | D:2      | Found a faded altar of an unknown god.
  1103 | D:3      | Reached skill level 4 in Axes
  1103 | D:3      | Reached XP level 4. HP: 35/35 MP: 4/4
  1140 | D:3      | HP: 1/35 [gnoll/spear (4)]
  1194 | D:3      | Reached XP level 5. HP: 16/41 MP: 5/5
  1354 | D:3      | Found a deep blue altar of Sif Muna.
  1380 | D:3      | Found a hazy altar of Hepliaklqana.
  1410 | D:3      | Found a burning altar of Makhleb.
  1418 | D:3      | Reached skill level 5 in Axes
  1642 | D:3      | Found an ancient bone altar of Kikubaaqudgha.
  1643 | D:3      | Found a blossoming altar of Fedhas.
  1764 | D:4      | Found a glowing drain.
  1786 | Sewer    | Entered a sewer
  1804 | Sewer    | Noticed Purgy
  1828 | Sewer    | Killed Purgy
  1828 | Sewer    | Reached skill level 6 in Axes
  1828 | Sewer    | Reached XP level 6. HP: 12/47 MP: 6/6
  2133 | D:4      | You fall through a shaft for 2 floors!
  2134 | D:6      | Noticed Sigmund
  2142 | D:6      | Killed Sigmund
  2142 | D:6      | Reached skill level 7 in Axes
  2142 | D:6      | Reached XP level 7. HP: 43/52 MP: 7/7
  2160 | D:6      | Found a white marble altar of Elyvilon.
  2637 | D:6      | Reached skill level 8 in Axes
  2879 | D:6      | Found Tonnelly's Antique Armour Shoppe.
  2896 | D:6      | Reached XP level 8. HP: 52/58 MP: 8/8
  2925 | D:6      | Bought an embroidered scarf for 184 gold pieces
  2955 | D:6      | Reached skill level 9 in Axes
  3544 | D:6      | Found a basalt altar of Yredelemnul.
  3765 | D:6      | HP: 2/58 [killer bee (5)]
  3770 | D:6      | Reached skill level 10 in Axes
  3772 | D:6      | HP: 1/58 [poisoned by a killer bee]
  4083 | D:7      | Reached skill level 5 in Shields
  4083 | D:7      | Reached XP level 9. HP: 64/64 MP: 9/9
  4544 | D:7      | HP: 3/64 [orc warrior/mace of crushing (19)]
  4544 | D:7      | Slain by an orc warrior

Vault maps used:
D:1:      dpeg_arrival_tiny_a
D:2:      grunt_temple_overflow_open, chequers_ecumenical_altar_island
D:3:      grunt_temple_overflow_growth_and_decay, minitemple, minivault_26,
          makhleb_heckhound_becter
D:4:      minmay_temple_entry_butterflies, portal_sewer_entry_f, first_ration,
          patterned_corridor
D:6:      kennysheep_ying_yang, serial_shops, nicolae_shop_overgrown_old_shop,
          uniq_sigmund
Sewer:    kennysheep_door_sewer

Skill      XL: |  1  2  3  4  5  6  7  8  9 |
---------------+----------------------------+-----
Axes           | 3 4 6 7 8 10 | 10.0
Shields        | 5 6 |  6.7
Fighting       | |  3.2
Armour         | |  3.2

Action                   |  1- 3 |  4- 6 |  7- 9 || total
-------------------------+-------+-------+-------++-------
Melee: War axe           |   125 |   154 |   190 ||   469
  Use: Potion            |       |     7 |     6 ||    13
       Scroll            |       |       |     6 ||     6
 Stab: Sleeping          |       |     1 |       ||     1
       Invisible         |       |       |     3 ||     3
  Eat: Chunk             |       |     5 |     4 ||     9
       Ration            |       |       |     1 ||     1
Armor: Scale mail        |    51 |    67 |    21 ||   139
       Ring mail         |       |       |    32 ||    32
Dodge: Dodged            |    65 |   103 |   103 ||   271
Block: Shield            |    69 |   105 |    81 ||   255

Table legend:
 A = Spawn XP
 B = Non-spawn XP
 C = Spawn XP percentage of total XP
 D = Spawn monster count
 E = Non-spawn monster count
 F = Spawn count percentage of total count
 G = Total turns spent on level
                    A         B        C        D         E        F      G
               +---------+---------+-------+---------+---------+-------+---------
         Total |       0 |    2286 |   0.0 |       0 |      95 |   0.0 |  4544
               +---------+---------+-------+---------+---------+-------+---------
           D:1 |       0 |      33 |   0.0 |       0 |      17 |   0.0 |   417
           D:2 |       0 |      35 |   0.0 |       0 |      18 |   0.0 |   661
           D:3 |       0 |     137 |   0.0 |       0 |      20 |   0.0 |   629
           D:4 |       0 |      63 |   0.0 |       0 |       6 |   0.0 |   253
           D:6 |       0 |    1418 |   0.0 |       0 |      24 |   0.0 |  1940
           D:7 |       0 |     445 |   0.0 |       0 |       4 |   0.0 |   471
         Sewer |       0 |     155 |   0.0 |       0 |       6 |   0.0 |   173
               +---------+---------+-------+---------+---------+-------+---------
